 Dungeon Crawl Stone Soup version 0.22-a0-469-gf26638a (webtiles) character file.

7668 CougarLife the Cleaver (level 10, -10/77 HPs)
             Began as a Demonspawn Fighter on June 12, 2018.
             Was a Follower of Ashenzari.
             Mangled by a two-headed ogre
             ... wielding a +0 giant spiked club
              (28 damage)
             ... on level 10 of the Dungeon.
             The game lasted 00:17:42 (10540 turns).

CougarLife the Cleaver (Demonspawn Fighter)        Turns: 10540, Time: 00:17:42

Health: -10/77     AC: 10    Str: 19    XL:     10   Next: 99%
Magic:  10/10      EV: 11    Int: 10    God:    Ashenzari [*.....]
Gold:   617        SH: 10    Dex: 15    Spells: 9/9 levels left

rFire    . . .     SeeInvis +   a - +0 war axe
rCold    . . .     Gourm    .   c - +0 shield
rNeg     . . .     Faith    .   I - +0 ring mail (curse)
rPois    .         Spirit   .   (helmet unavailable)
rElec    .         Reflect  .   (no cloak)
rCorr    .         Harm     .   (no gloves)
MR       .....                  l - +0 pair of boots
Stlth    +.........             (no amulet)
HPRegen  0.22/turn              m - ring of see invisible
MPRegen  0.12/turn              n - +3 ring of protection

@: no status effects
A: horns 3, thin skeletal structure 1, demonic guardian 1, foul stench 1, rot
immunity
a: Curse Item, Scrying, Renounce Religion


You were on level 10 of the Dungeon.
You worshipped Ashenzari.
Ashenzari was aware of your devotion.
You were not hungry.

You visited 2 branches of the dungeon, and saw 11 of its levels.
You also visited: Ossuary.

You collected 617 gold pieces.

Inventory:

Hand Weapons
 a - a +0 war axe (weapon)
Armour
 c - a +0 shield (worn)
 l - a +0 pair of boots (worn)
 I - a cursed +0 ring mail (worn)
Jewellery
 m - a ring of see invisible (left hand)
 n - a +3 ring of protection (right hand)
Wands
 t - a wand of disintegration (23)
 u - a wand of scattershot (6)
 v - a wand of flame (41)
 E - a wand of polymorph (16)
Scrolls
 d - 2 scrolls of blinking {unknown}
 e - 14 scrolls of identify
 g - 2 scrolls of amnesia {unknown}
 i - 3 scrolls of magic mapping {unknown}
 q - 4 scrolls of fear {unknown}
 r - 4 scrolls of fog {unknown}
 w - 2 scrolls of immolation {unknown}
 x - 3 scrolls of remove curse
 y - 4 scrolls of random uselessness {unknown}
 B - 2 scrolls of noise {unknown}
 G - 3 scrolls of teleportation {unknown}
Potions
 h - a potion of ambrosia {unknown}
 j - 4 potions of heal wounds {unknown}
 k - a potion of resistance {unknown}
 o - a potion of flight {unknown}
 p - 3 potions of haste {unknown}
 s - a potion of cancellation {unknown}
 z - 3 potions of curing
 A - 3 potions of brilliance {unknown}
 C - 3 potions of lignification {unknown}
 D - a potion of invisibility {unknown}
 F - a potion of mutation {unknown}
 H - 2 potions of magic {unknown}
Comestibles
 b - 4 chunks of flesh
 f - 27 rations


   Skills:
 + Level 6.9 Fighting
 - Level 12.2 Axes
 - Level 5.1 Armour
 - Level 5.0 Dodging
 - Level 4.3 Shields


You had 9 spell levels left.
You didn't know any spells.
Your spell library contained the following spells:

 Spells                   Type           Power        Failure   Level  Hunger
 Stone Arrow              Conj/Erth      #.....       100%        3    ####...
 Passwall                 Tmut/Erth      #.......     98%         2    ###....
 Lee's Rapid Deconstruct  Erth           #.........   100%        5    ######.
 Sandblast                Erth           #.....       94%         1    ##.....
 Petrify                  Tmut/Erth      #.......     100%        4    #####..


Dungeon Overview and Level Annotations

Branches:
Dungeon (10/15)            Temple (1/1) D:7            Lair (0/6) D:10
    Orc (0/2) D:9

Altars:
Ashenzari
Cheibriados
Dithmenos
Elyvilon
Fedhas
Gozag
Hepliaklqana
Kikubaaqudgha
Makhleb
Nemelex Xobeh
Okawaru
Qazlal
Ru
Sif Muna
Trog
Uskayaw
Vehumet
Wu Jian
Xom
Yredelemnul
Zin
The Shining One


Innate Abilities, Weirdness & Mutations

You have a pair of large horns on your head.
You have a somewhat thin skeletal structure. (Dex +2, Stealth)
A weak demonic guardian rushes to your aid.
You may emit foul miasma when damaged in melee.
You are immune to rotting.


Message History

The two-headed ogre is lightly wounded.
You block the two-headed ogre's attack.
The two-headed ogre hits you with a giant club.
You hit the two-headed ogre but do no damage.
The two-headed ogre is lightly wounded.
You hit the two-headed ogre but do no damage.
The two-headed ogre is lightly wounded.
You block the two-headed ogre's attack.
The two-headed ogre hits you with a giant club!
The two-headed ogre looks sick.
You hit the two-headed ogre.
The two-headed ogre is lightly wounded.
The two-headed ogre hits you with a giant spiked club!
* * * LOW HITPOINT WARNING * * *
You block the two-headed ogre's attack.
Your iron imp hits the two-headed ogre!
You slash the two-headed ogre!
The two-headed ogre is heavily wounded.
Your iron imp barely misses the two-headed ogre.
The two-headed ogre hits you with a giant spiked club!!
You die...

###.............
####.######### #. #.#
... ##'## .. ##...## #.
##.....## ## #.##
..........######.###.# #
#..#
##.........##..?...[.##
##.##..>
.'.........'...@O......
........
###.........##.#5#######
#.##... #........###[###
###.###.# #.#.....## #.#
......[.. #.##...## #.#
.######.# ##T# #%#
#.(... #. #.. #.##.# #
### # #.# #..


You could see a two-headed ogre and a friendly iron imp.

Vanquished Creatures
  2 two-headed ogres
  An unseen horror (D:10)
  3 trolls
  Grinder (D:4)
  A shadow (D:6)
  A spriggan (D:7)
  The ghost of Angulimala the Ducker, an amateur FeSk (D:5)
  A wyvern (D:9)
  A basilisk (D:10)
  3 porcupines (D:10)
  An ice beast (D:8)
  2 necrophages
  3 black bears
  A phantom (D:7)
  2 sky beasts
  The ghost of kidddragon99 the Poker, an amateur MiGl (D:3)
  5 centaurs
  3 ogres
  2 wolves (D:10)
  3 crocodiles (D:10)
  2 big kobolds (D:9)
  4 bullfrogs
  A water moccasin zombie (D:7)
  A wyvern skeleton (D:6)
  3 scorpions
  A howler monkey (D:6)
  2 bullfrog zombies (D:8)
  2 centaur zombies
  2 crimson imps
  2 jellies
  4 orc priests
  3 hounds
  9 orc wizards
  2 bullfrog skeletons
  11 worker ants
  An iguana (D:8)
  A big kobold zombie (Ossuary)
  A hound zombie (D:6)
  4 mummies
  A howler monkey zombie (D:5)
  A worker ant zombie (D:8)
  Robin (D:4)
  8 gnolls
  13 adders
  2 shadow imps
  2 oozes
  2 adder skeletons (D:4)
  2 worms
  2 dart slugs
  4 leopard geckos
  16 orcs
  11 bats
  3 giant cockroaches
  A gnoll zombie (Ossuary)
  14 goblins
  7 hobgoblins
  29 kobolds
  8 quokkas
  3 ball pythons
  7 frilled lizards
  2 goblin zombies (Ossuary)
  3 hobgoblin zombies
  A jackal zombie (D:5)
  A kobold zombie (Ossuary)
  A leopard gecko skeleton (D:6)
  A leopard gecko zombie (D:8)
  An orc zombie (Ossuary)
  A quokka zombie (D:10)
  7 rats
  3 plants (D:9)
252 creatures vanquished.

Vanquished Creatures (collateral kills)
  2 centaurs
  A crimson imp (D:5)
  An orc wizard (D:3)
  An orc priest (D:4)
  An adder (D:7)
  A leopard gecko (D:7)
  2 orcs
  A giant cockroach (D:6)
  A leopard gecko skeleton (D:7)
11 creatures vanquished.

Vanquished Creatures (others)
  An orc wizard (D:3)
  A fungus (D:10)
  5 plants (D:10)
7 creatures vanquished.

Grand Total: 270 creatures vanquished

Notes
Turn   | Place    | Note
-------+----------+-------------------------------------------
     0 | D:1      | CougarLife the Demonspawn Fighter began the quest for the Orb.
     0 | D:1      | Reached XP level 1. HP: 18/18 MP: 1/1
   136 | D:1      | Reached skill level 2 in Axes
   293 | D:1      | Gained mutation: You are immune to rotting. [demonic ancestry]
   293 | D:1      | Reached XP level 2. HP: 20/24 MP: 2/2
   449 | D:1      | Reached skill level 3 in Axes
   644 | D:1      | Gained mutation: A weak demonic guardian rushes to your aid. [demonic ancestry]
   644 | D:1      | Reached XP level 3. HP: 26/29 MP: 3/3
  1401 | D:3      | Reached skill level 4 in Axes
  1401 | D:3      | Gained mutation: You have a pair of small horns on your head. [demonic ancestry]
  1401 | D:3      | Reached XP level 4. HP: 13/35 MP: 4/4
  1923 | D:3      | Gained mutation: You have a pair of horns on your head. [demonic ancestry]
  1923 | D:3      | Reached XP level 5. HP: 35/41 MP: 5/5
  1934 | D:3      | Found a bloodstained altar of Trog.
  2089 | D:3      | Reached skill level 5 in Axes
  2150 | D:3      | Noticed kidddragon99's ghost (amateur MiGl)
  2161 | D:3      | Killed kidddragon99's ghost
  2402 | D:4      | Noticed an ogre
  2409 | D:4      | Reached skill level 6 in Axes
  2409 | D:4      | Gained mutation: You have a pair of large horns on your head. [demonic ancestry]
  2409 | D:4      | Reached XP level 6. HP: 39/47 MP: 6/6
  2620 | D:4      | Noticed Grinder
  2632 | D:4      | Killed Grinder
  2632 | D:4      | Reached skill level 7 in Axes
  2632 | D:4      | Reached XP level 7. HP: 37/52 MP: 7/7
  2815 | D:4      | Noticed Robin
  2824 | D:4      | Killed Robin
  3037 | D:4      | Reached skill level 8 in Axes
  3732 | D:5      | Entered Level 5 of the Dungeon
  3858 | D:5      | Noticed Angulimala's ghost (amateur FeSk)
  3870 | D:5      | Killed Angulimala's ghost
  3870 | D:5      | Gained mutation: You may emit foul miasma when damaged in melee. [demonic ancestry]
  3870 | D:5      | Reached XP level 8. HP: 34/61 MP: 8/8
  4024 | D:5      | Found a white marble altar of Elyvilon.
  4081 | D:5      | Reached skill level 5 in Fighting
  4165 | D:5      | Found a sand-covered staircase.
  4182 | Ossuary  | Entered an ossuary
  4973 | D:6      | Reached skill level 5 in Armour
  5264 | D:6      | Gained mutation: You have a somewhat thin skeletal structure. (Dex +2, Stealth) [demonic ancestry]
  5264 | D:6      | Reached XP level 9. HP: 56/69 MP: 9/9
  5357 | D:6      | Found a burning altar of Makhleb.
  5367 | D:6      | Reached skill level 1 in Dodging
  6435 | D:7      | Found a staircase to the Ecumenical Temple.
  6445 | Temple   | Entered the Ecumenical Temple
  6515 | Temple   | Became a worshipper of Ashenzari the Shackled
  6934 | D:8      | Reached skill level 5 in Dodging
  7180 | D:8      | Reached skill level 9 in Axes
  7913 | D:9      | Found a staircase to the Orcish Mines.
  8010 | D:9      | Noticed a troll
  8012 | D:9      | Noticed a troll
  8013 | D:9      | Noticed a two-headed ogre
  8015 | D:9      | Killed a troll
  8015 | D:9      | Reached XP level 10. HP: 70/76 MP: 10/10
  8020 | D:9      | Reached skill level 10 in Axes
  8023 | D:9      | Killed a two-headed ogre
  8319 | D:9      | Reached * piety under Ashenzari
  8603 | D:9      | Found a hide-covered altar of Uskayaw.
  8606 | D:9      | Found a white marble altar of Elyvilon.
  8609 | D:9      | Found a bloodstained altar of Trog.
  8812 | D:9      | Found a snail-covered altar of Cheibriados.
  9172 | D:10     | Entered Level 10 of the Dungeon
  9183 | D:10     | Reached skill level 11 in Axes
  9293 | D:10     | Found a staircase to the Lair.
  9293 | D:10     | Noticed a two-headed ogre
  9295 | D:10     | Noticed a two-headed ogre
  9431 | D:10     | Noticed an unseen horror
  9448 | D:10     | Killed an unseen horror
  9689 | D:10     | Killed a two-headed ogre
  9689 | D:10     | Reached skill level 12 in Axes
 10540 | D:10     | Mangled by a two-headed ogre

Vault maps used:
D:1:      scummos_arrival_simple_crosswalls
D:2:      st_stairs_8, minmay_misc_feat_alley
D:3:      first_ration, trog_three_pillars_becter
D:4:      wad_river_or_something, dk_vineyard_2, uniq_grinder, uniq_robin
D:5:      nicolae_ossuary_entry_giza, elyvilon_altar_3
D:6:      bloody_makhleb
D:7:      minmay_temple_entry_nine_rooms, nrook_mini_backslash, the_bakery
D:8:      minmay_checkerbox
D:9:      kennysheep_kobold_camp, grunt_temple_overflow_diamond, basic_altar
D:10:     minmay_lair_entry_grove, corexii_corridor_pit
Temple:   hc_temple_tempest_star
Ossuary:  ossuary_crypta

Skill      XL: |  1  2  3  4  5  6  7  8  9 10 |
---------------+-------------------------------+-----
Axes           | 2 3 4 6 7 8 9 12 | 12.2
Fighting       | 4 6 |  6.9
Armour         | 5 |  5.1
Shields        | 4 |  4.3
Dodging        | 5 |  5.0

Action                   |  1- 3 |  4- 6 |  7- 9 | 10-12 || total
-------------------------+-------+-------+-------+-------++-------
Melee: War axe           |   166 |    96 |   437 |   177 ||   876
       Headbutt          |       |    13 |    75 |    37 ||   125
  Use: Potion            |     2 |     3 |     1 |       ||     6
       Scroll            |       |       |     2 |       ||     2
 Stab: Distracted        |       |       |     1 |     1 ||     2
  Eat: Chunk             |     2 |     4 |    18 |     8 ||    32
Armor: Scale mail        |    96 |    45 |   137 |    19 ||   297
       Ring mail         |       |       |       |    22 ||    22
Dodge: Dodged            |    57 |    29 |   105 |    69 ||   260
Block: Shield            |   108 |    42 |   194 |    91 ||   435

Table legend:
 A = Spawn XP
 B = Non-spawn XP
 C = Spawn XP percentage of total XP
 D = Spawn monster count
 E = Non-spawn monster count
 F = Spawn count percentage of total count
 G = Total turns spent on level
                    A         B        C        D         E        F      G
               +---------+---------+-------+---------+---------+-------+---------
         Total |       0 |   10955 |   0.0 |       0 |     261 |   0.0 | 10540
               +---------+---------+-------+---------+---------+-------+---------
           D:1 |       0 |      42 |   0.0 |       0 |      18 |   0.0 |   748
           D:2 |       0 |      41 |   0.0 |       0 |      19 |   0.0 |   750
           D:3 |       0 |     245 |   0.0 |       0 |      24 |   0.0 |   844
           D:4 |       0 |     893 |   0.0 |       0 |      43 |   0.0 |  1390
           D:5 |       0 |     581 |   0.0 |       0 |      16 |   0.0 |   652
           D:6 |       0 |     963 |   0.0 |       0 |      23 |   0.0 |  1004
           D:7 |       0 |     839 |   0.0 |       0 |      19 |   0.0 |   809
           D:8 |       0 |    1146 |   0.0 |       0 |      23 |   0.0 |   917
           D:9 |       0 |    2540 |   0.0 |       0 |      44 |   0.0 |  1507
          D:10 |       0 |    3530 |   0.0 |       0 |      21 |   0.0 |  1341
       Ossuary |       0 |     135 |   0.0 |       0 |      11 |   0.0 |   382
               +---------+---------+-------+---------+---------+-------+---------
